 Dungeon Crawl Stone Soup version 0.31-a0-210-gccc998df9b (webtiles) character file.

Game seed: 9968911743537236290

53 Anon1729 the Trooper (level 3, -2/34 HPs)
             Began as a Minotaur Monk on June 30, 2023.
             Slain by Terence
             ... wielding a +0 trident
              (10 damage)
             ... on level 2 of the Dungeon.
             The game lasted 00:01:00 (1044 turns).

Anon1729 the Trooper (Minotaur Monk)                Turns: 1044, Time: 00:01:01

Health: -2/34      AC:  3    Str: 17    XL:     3   Next: 64%
Magic:  2/2        EV: 12    Int:  7    God:
Gold:   16         SH:  0    Dex: 12    Spells: 2/2 levels left

rFire   . . .        a - +0 hand axe
rCold   . . .        d - orb {light}
rNeg    . . .        b - +0 robe
rPois   .            (helmet restricted)
rElec   .            i - +0 cloak
rCorr   .            (no gloves)
SInv    .            (no boots)
Will    .....        (no amulet)
Stlth   +            (no ring)
HPRegen 0.25/turn    (no ring)
MPRegen 0.08/turn

%: no passive effects
@: slowed, glowing, very slow
A: horns 2, retaliatory headbutt
a: no special abilities


You were on level 2 of the Dungeon.
You visited 1 branch of the dungeon, and saw 2 of its levels.

You collected 66 gold pieces.
You spent 50 gold pieces at shops.

Inventory:

Hand Weapons
 a - a +0 hand axe (weapon)
Armour
 b - a +0 robe (worn)
 d - an orb of light (worn)
 i - a +0 cloak (worn)
Scrolls
 e - a scroll of identify
 f - a scroll of fog
 h - a scroll of vulnerability
 j - a scroll of teleportation
Potions
 c - a potion of ambrosia
 g - a potion of cancellation


   Skills:
 + Level 4.4 Fighting
 + Level 4.4 Axes
 + Level 2.1 Armour
 - Level 3.2 Dodging


You had 2 spell levels left.
You didn't know any spells.
Your spell library was empty.

Dungeon Overview and Level Annotations

Branches:
Dungeon (2/15)

Altars:

Shops:
D:2 *(

Annotations:
D:2 Natasha, Terence


Innate Abilities, Weirdness & Mutations

You have a pair of horns on your head.
You reflexively headbutt those who attack you in melee.


Message History

Natasha hisses angrily.
You hit the worm. You headbutt the worm.
The worm is heavily wounded.
Terence the Incautious comes into view.
He is wielding a +0 trident and wearing a +2 chain mail of fire resistance.
Natasha mumbles some strange words.
The worm bites you.
Terence shouts!
You slash the worm!
The worm is almost dead.
Terence says, "Did you write a will?
You should..."
You slash the worm!
You kill the worm!
An endoplasm comes into view.
The endoplasm quivers.
Natasha mumbles some strange words.
Terence closely misses you. The cerulean imp barely misses you.
Natasha claws you. The cerulean imp barely misses you.
You hit Natasha but do no damage. Your headbutt misses Natasha.
Terence barely misses you.
The cerulean imp hits you from afar with a +1 spear.
Natasha casts a spell at you.
You feel yourself slow down. The cerulean imp closely misses you.
Terence hits you from afar with a +0 trident.
You are too injured to fight recklessly!
You are too injured to fight recklessly!
You are too injured to fight recklessly!
You are too injured to fight recklessly!
You are too injured to fight recklessly!
You are too injured to fight recklessly!
You are too injured to fight recklessly!
You are too injured to fight recklessly!
Unknown command.
The cerulean imp hits you from afar with a +1 spear.
The cerulean imp hits you but does no damage.
Natasha growls.
Natasha casts a spell at you. The magic dart hits you.
* * * LOW HITPOINT WARNING * * *
Terence hits you from afar with a +0 trident!
You die...

.........##
.......... .
.........####..#
.............#
.............
#J#5..# ....#
#.#.#@5.#.....#
#.#.#h.†#.....#
#...@..........
#.#.#...#......
.#...<...########
.................
#.#.......#####.#.
#.#...............
##.#......#........
..................
#.#.#.#..#........


You could see Terence, Natasha, 2 cerulean imps and an endoplasm.

Vanquished Creatures
  Natasha (D:2)
  A worm (D:2)
  3 endoplasms
  2 goblins (D:1)
  3 hobgoblins (D:1)
  4 jackals (D:1)
  2 kobolds (D:1)
  A ball python (D:1)
  4 bats (D:1)
  2 rats (D:1)
23 creatures vanquished.

Notes
Turn   | Place    | Note
-------+----------+-------------------------------------------
     0 | D:1      | Anon1729 the Minotaur Monk began the quest for the Orb.
     0 | D:1      | Reached XP level 1. HP: 19/19 MP: 0/0
   208 | D:1      | Reached skill level 1 in Armour
   211 | D:1      | Reached XP level 2. HP: 19/27 MP: 1/1
   889 | D:2      | Found Diteahy's Weapon Shoppe.
   896 | D:2      | Noticed Natasha
   903 | D:2      | Killed Natasha
   904 | D:2      | Reached XP level 3. HP: 21/34 MP: 2/2
   995 | D:2      | Found Esonif's General Store.
  1003 | D:2      | Bought a scroll of teleportation for 30 gold pieces
  1003 | D:2      | Bought a scroll of identify for 20 gold pieces
  1036 | D:2      | Noticed Natasha
  1037 | D:2      | Noticed Terence
  1044 | D:2      | Slain by Terence

Illustrated notes

Levels and vault maps discovered:
D:1:      nzn_arrival_crosshair, layout_basic
D:2:      layout_basic, serial_shops, shop, shop, shop, shop,
          nicolae_lakefront_shop, uniq_crazy_yiuf_cottage, uniq_terence,
          uniq_natasha

Skill      XL: |  1  2 |
---------------+-------+-----
Armour         | 1 2 |  2.1
Fighting       | 4 |  4.4
Axes           | 4 |  4.4
Dodging        | |  3.2

Action                     || total
---------------------------++-------
  Melee: Hand axe          ||    43
         Headbutt          ||    11
    Use: Scroll            ||     3
 Armour: Robe              ||    12
  Dodge: Dodged            ||    46

Table legend: (Time is in decaauts)
 A = Elapsed time spent in this place.
 B = Non-inter-level travel time spent in this place.
 C = Inter-level travel time spent in this place.
 D = Time resting spent in this place.
 E = Time spent auto-exploring this place.
 F = Levels seen in this place.
 G = Mean time per level.
                   A        B        C        D        E       F      G
               +--------+--------+--------+--------+--------+-----+--------+
         Total |   1049 |    987 |     62 |     52 |    792 |   2 |  524.5 |
       Dungeon |   1049 |    987 |     62 |     52 |    792 |   2 |  524.5 |
               +--------+--------+--------+--------+--------+-----+--------+

Top non-repeatable levels by time:
     D:1: 839 daAuts
     D:2: 209 daAuts
